 Dungeon Crawl Stone Soup version 0.25.1-2-g60ff931df9 (webtiles) character file.

Game seed: 10555894502652719910

144 ArchParadox the Chiller (level 5, -7/30 HPs)
             Began as a Deep Elf Ice Elementalist on Oct 10, 2020.
             Killed by nerve-wracking pain
             ... invoked by Grinder
              (13 damage)
             ... on level 3 of the Dungeon.
             The game lasted 00:21:38 (3099 turns).

ArchParadox the Chiller (Deep Elf Ice Elementalist) Turns: 3099, Time: 00:21:39

Health: -7/30      AC:  8    Str:  6    XL:     5   Next: 5%
Magic:  11/11      EV: 12    Int: 20    God:
Gold:   96         SH:  0    Dex: 15    Spells: 6/10 levels left

rFire    . . .     SeeInvis .   a - +2 whip (pain)
rCold    . . .     Gourm    .   (no shield)
rNeg     . . .     Faith    .   k - +2 leather armour {rPois}
rPois    +         Spirit   .   m - +0 helmet
rElec    .         Reflect  .   n - +0 cloak
rCorr    .         Harm     .   f - +0 pair of gloves
MR       .....                  (no boots)
Stlth    ++........             (no amulet)
HPRegen  0.10/turn              (no ring)
MPRegen  0.12/turn              (no ring)

@: no status effects
A: no striking features
a: no special abilities


You were on level 3 of the Dungeon.
You were not hungry.

You visited 1 branch of the dungeon, and saw 3 of its levels.

You collected 96 gold pieces.

Inventory:

Hand Weapons
 a - a +2 whip of pain (weapon)
 b - a +2 whip of electrocution
 e - a +0 club
 w - a +0 long sword
Missiles
 g - 52 stones (quivered)
Armour
 f - a +0 pair of gloves (worn)
 k - a +2 leather armour of poison resistance (worn)
 m - a +0 helmet (worn)
 n - a +0 cloak (worn)
 t - a +0 robe
Wands
 o - a wand of random effects (19)
 v - a wand of digging (4)
Scrolls
 h - a scroll of fog {unknown}
 p - a scroll of noise {unknown}
 q - 2 scrolls of identify {unknown}
 r - a scroll of remove curse {unknown}
 s - 2 scrolls of enchant weapon {unknown}
 x - a scroll of teleportation {unknown}
Potions
 d - 2 potions of mutation {unknown}
 i - 3 potions of curing {unknown}
 l - a potion of lignification {unknown}
 u - a potion of magic {unknown}
 z - a potion of invisibility {unknown}
Comestibles
 c - 5 rations
 j - a chunk of flesh


   Skills:
 + Level 1.8 Fighting
 - Level 1.0 Armour
 - Level 2.4 Dodging
 - Level 2.4 Stealth
 - Level 3.0 Spellcasting
 * Level 6.1 Ice Magic


You had 6 spell levels left.
You knew the following spells:

 Your Spells              Type           Power        Failure   Level  Hunger
a - Freeze                Ice            ####         1%          1    None
b - Frozen Ramparts       Ice            ####..       5%          3    ###....

Your spell library contained the following spells:

 Spells                   Type           Power        Failure   Level  Hunger
 Ozocubu's Armour         Chrm/Ice       ###.....     19%         3    ###....
 Hailstorm                Conj/Ice       ###.....     52%         4    ####...
 Summon Ice Beast         Ice/Summ       ###.....     52%         4    ####...


Dungeon Overview and Level Annotations

Branches:
Dungeon (3/15)

Altars:
Ashenzari

Annotations:
D:3 Grinder


Message History

The bolt of poison hits Grinder.
Grinder is lightly wounded.
Grinder hits you.
You writhe in agony.
Evoke which item? (* to show all) (? for menu, Esc to quit)
Aiming: Random Effects
Press: ? - help, Shift-Dir - straight line, f/p - Grinder
Aim: Grinder (lightly wounded) Grinder seems to speed up.
Grinder gestures at you. Pain shoots through your body!
You barely miss Grinder.
Grinder is lightly wounded.
Grinder hits you!
You writhe in agony.
* * * LOW HITPOINT WARNING * * *
Grinder barely misses you.
You hit Grinder.
Grinder is lightly wounded.
Grinder gestures at you. Pain shoots through your body!
You die...

.##......#
.##......#
###......#
..').....#
###......#
.........#
.........#
## ##
.........#
#.###.#
.........#
#.#@##
.........#
#5#.#
..###....#
##.#.##
#####....#
#.###.#
.......#.#
##.#.##
########.#
#.#.#.#
.....###.##
##.#.##
####.#....#
#รท###.#
...#.#.#.##
##.#.##


You could see Grinder (fast).

Vanquished Creatures
  Jessica (D:2)
  2 adders
  2 leopard geckos (D:2)
  12 bats
  8 giant cockroaches
  10 goblins
  14 hobgoblins
  8 jackals
  3 quokkas
  2 ball pythons
  4 frilled lizards
  12 kobolds
  8 rats
86 creatures vanquished.

Notes
Turn   | Place    | Note
-------+----------+-------------------------------------------
     0 | D:1      | ArchParadox the Deep Elf Ice Elementalist began the quest
                  | for the Orb.
     0 | D:1      | Reached XP level 1. HP: 10/10 MP: 6/6
   589 | D:1      | Reached XP level 2. HP: 16/16 MP: 5/8
   864 | D:1      | Reached skill level 5 in Ice Magic
   925 | D:1      | Reached skill level 1 in Fighting
  1058 | D:1      | Reached XP level 3. HP: 20/20 MP: 7/9
  1216 | D:2      | Noticed Jessica
  1271 | D:2      | Killed Jessica
  1271 | D:2      | Reached skill level 1 in Armour
  1364 | D:2      | Learned a level 3 spell: Frozen Ramparts
  1386 | D:2      | Reached XP level 4. HP: 23/25 MP: 5/10
  2496 | D:3      | Reached skill level 6 in Ice Magic
  2904 | D:3      | Found a shattered altar of Ashenzari.
  2918 | D:3      | Reached XP level 5. HP: 24/30 MP: 9/11
  3089 | D:3      | Noticed Grinder
  3091 | D:3      | Paralysed by Grinder for 5 turns
  3099 | D:3      | Killed from afar by Grinder

Illustrated notes

Levels and vault maps discovered:
D:1:      dpeg_cavernosity, layout_basic
D:2:      layout_loops_corners, serial_co_window_serial,
          co_window_of_opportunity_a, co_window_paths_a,
          co_window_of_opportunity_a, co_window_paths_a, co_window_paths_a,
          co_window_broadway_c, co_window_cross_2, co_window_unsneaky_path_b,
          glass_columns_c, uniq_jessica
D:3:      layout_basic, ashenzari_conservatory_becter, roderic_roman_lattice,
          small_statue_intersection, serial_park_tiny_2, uniq_grinder

Skill      XL: |  1  2  3  4 |
---------------+-------------+-----
Ice Magic      | 5 6 |  6.1
Fighting       | 1 |  1.8
Armour         | 1 |  1.0
Dodging        | |  2.4
Stealth        | |  2.4
Spellcasting   | |  3.0

Action                   |  1- 3 |  4- 6 || total
-------------------------+-------+-------++-------
Melee: Club              |    28 |       ||    28
       Whip              |       |    90 ||    90
Throw: Stone             |     2 |       ||     2
 Cast: Freeze            |    41 |    27 ||    68
       Frozen Ramparts   |     1 |     8 ||     9
Evoke: Wand              |       |     2 ||     2
 Stab: Sleeping          |     1 |     1 ||     2
  Eat: Chunk             |     1 |     7 ||     8
Armor: Robe              |     2 |       ||     2
       Leather armour    |    14 |    40 ||    54
Dodge: Dodged            |    41 |    83 ||   124
